| TOP OF THE 1ST |
|
Jackson Generals batting - Pitching for Birmingham Barons : RHP Mike Mik
|
|
Pitching: RHP Mike Mik
|
|
|
Batting: RHB Tomokazu Sugimoto
|
0-0: Ball 1-0: Foul Ball, location: 2F 1-1: SINGLE (Groundball, 56, EV 106.9 MPH)
|
|
Batting: RHB Ryan Criollo
|
0-0: Ball Tomokazu Sugimoto steals 2nd, throwing error, E2 Tomokazu Sugimoto to third 1-0: SINGLE (Line Drive, 6D, EV 98.1 MPH) Tomokazu Sugimoto scores
|
|
Batting: RHB Julian Gregory
|
0-0: Ball 1-0: Ball 2-0: Called Strike 2-1: SINGLE (Line Drive, 7LS, EV 92.5 MPH) Ryan Criollo to second
|
|
Batting: RHB Adan Lake
|
0-0: Ball 1-0: Called Strike 1-1: Grounds into double play, 5-4-3 (Groundball, 56, EV 85.0 MPH) Ryan Criollo to third
|
|
Batting: RHB Hideo Okimura
|
0-0: Foul Ball, location: 2F 0-1: Ball 1-1: Ball 2-1: Fly out, F8 (Flyball, 8RD, EV 86.9 MPH)
|
| Top of the 1st over - 1 run, 3 hits, 1 error, 1 left on base; Jackson 1 - Birmingham 0 |
| BOTTOM OF THE 1ST |
|
Birmingham Barons batting - Pitching for Jackson Generals : RHP Michel Méry
|
|
Pitching: RHP Michel Méry
|
|
|
Batting: SHB Jay Gagnon
|
0-0: Foul Ball, location: 2F 0-1: Called Strike 0-2: Strikes out swinging
|
|
Batting: LHB Larry Myers
|
0-0: Ball 1-0: Ground out 6-3 (Groundball, 6MS, EV 86.9 MPH)
|
|
Batting: SHB Ruben Velasco Jr.
|
0-0: Called Strike 0-1: Called Strike 0-2: Ball 1-2: Ball 2-2: Foul Ball, location: 2F 2-2: Ball 3-2: Base on Balls
|
|
Batting: LHB Justin Stickney
|
0-0: Fly out, F6 (Flyball, 6D, EV 95.0 MPH)
|
| Bottom of the 1st over - 0 runs, 0 hits, 0 errors, 1 left on base; Jackson 1 - Birmingham 0 |
| TOP OF THE 2ND |
|
Jackson Generals batting - Pitching for Birmingham Barons : RHP Mike Mik
|
|
Batting: SHB Brendan Bundy
|
0-0: DOUBLE (Line Drive, 7LS, EV 98.1 MPH)
|
|
Batting: LHB Brent Dutcher
|
0-0: Ball 1-0: Ball 2-0: Called Strike 2-1: Ball 3-1: Base on Balls
|
|
Batting: RHB Justin Colella
|
0-0: Foul Ball, location: 2F 0-1: Ball 1-1: Foul Ball, location: 2F 1-2: Ball 2-2: Grounds out, U3 (Groundball, 3L, EV 88.1 MPH) Brendan Bundy to third
|
|
Batting: RHB Egidius Kruger
|
0-0: Swinging Strike 0-1: Swinging Strike 0-2: Ball 1-2: Strikes out swinging
|
|
Batting: RHB Tomokazu Sugimoto
|
0-0: Foul Ball, location: 2F 0-1: Foul Ball, location: 2F 0-2: Ball 1-2: Ball 2-2: DOUBLE (Line Drive, 7LS, EV 99.4 MPH) Brendan Bundy scores Brent Dutcher scores
|
|
Batting: RHB Ryan Criollo
|
0-0: Ball 1-0: Ball 2-0: Ball 3-0: Called Strike 3-1: Called Strike 3-2: Strikes out looking
|
| Top of the 2nd over - 2 runs, 2 hits, 0 errors, 1 left on base; Jackson 3 - Birmingham 0 |
| BOTTOM OF THE 2ND |
|
Birmingham Barons batting - Pitching for Jackson Generals : RHP Michel Méry
|
|
Batting: LHB Matt Hyde
|
0-0: Foul Ball, location: 2F 0-1: Hit by Pitch
|
|
Batting: RHB Josiah Wright
|
0-0: Ball 1-0: Ball Matt Hyde steals 2nd base 2-0: Ball 3-0: Called Strike 3-1: Foul Ball, location: 2F 3-2: Strikes out looking
|
|
Batting: RHB Ethan McCullough
|
0-0: Called Strike 0-1: Ball 1-1: Ball 2-1: Foul Ball, location: 2F 2-2: Foul Ball, location: 2F 2-2: Ball 3-2: Ground out 4-3 (Groundball, 4M, EV 98.8 MPH) Matt Hyde to third
|
|
Batting: SHB Josh Conner
|
0-0: Called Strike 0-1: Swinging Strike 0-2: Ball 1-2: Ball 2-2: Ball 3-2: Base on Balls
|
|
Batting: RHB John Iddings
|
0-0: Ball 1-0: Ball 2-0: Called Strike 2-1: Foul Ball, location: 2F 2-2: Ground out 2-3 (Groundball, 15S, EV 76.2 MPH)
|
| Bottom of the 2nd over - 0 runs, 0 hits, 0 errors, 2 left on base; Jackson 3 - Birmingham 0 |
| TOP OF THE 3RD |
|
Jackson Generals batting - Pitching for Birmingham Barons : RHP Mike Mik
|
|
Batting: RHB Julian Gregory
|
0-0: Swinging Strike 0-1: Called Strike 0-2: Strikes out looking
|
|
Batting: RHB Adan Lake
|
0-0: Foul Ball, location: 2F 0-1: Called Strike 0-2: Foul Ball, location: 2F 0-2: Ball 1-2: Ground out 4-3 (Groundball, 34, EV 101.9 MPH)
|
|
Batting: RHB Hideo Okimura
|
0-0: Ball 1-0: Ball 2-0: Foul Ball, location: 2F 2-1: Ball 3-1: Called Strike 3-2: Strikes out swinging
|
| Top of the 3rd over - 0 runs, 0 hits, 0 errors, 0 left on base; Jackson 3 - Birmingham 0 |
| BOTTOM OF THE 3RD |
|
Birmingham Barons batting - Pitching for Jackson Generals : RHP Michel Méry
|
|
Batting: SHB Jay Gagnon
|
0-0: Ball 1-0: Ball 2-0: Swinging Strike 2-1: Fly out, F6 (Popup, P, EV 73.8 MPH)
|
|
Batting: LHB Larry Myers
|
0-0: Swinging Strike 0-1: Ground out 1-3 (Groundball, 13S, EV 70.0 MPH)
|
|
Batting: SHB Ruben Velasco Jr.
|
0-0: Called Strike 0-1: Ball 1-1: Ball 2-1: Ball 3-1: Base on Balls
|
|
Batting: LHB Justin Stickney
|
0-0: Ball Ruben Velasco Jr. steals 2nd base 1-0: Called Strike 1-1: Swinging Strike 1-2: Ball 2-2: Ball 3-2: Foul Ball, location: 2F 3-2: Ground out 4-3 (Groundball, 4, EV 87.5 MPH)
|
| Bottom of the 3rd over - 0 runs, 0 hits, 0 errors, 1 left on base; Jackson 3 - Birmingham 0 |
| TOP OF THE 4TH |
|
Jackson Generals batting - Pitching for Birmingham Barons : RHP Mike Mik
|
|
Batting: SHB Brendan Bundy
|
0-0: Ball 1-0: Ball 2-0: Called Strike 2-1: Ball 3-1: Ground out 6-3 (Groundball, P, EV 91.9 MPH)
|
|
Batting: LHB Brent Dutcher
|
0-0: Swinging Strike 0-1: SINGLE (Groundball, 34D, EV 103.8 MPH)
|
|
Batting: RHB Justin Colella
|
0-0: Foul Ball, location: 2F 0-1: Swinging Strike 0-2: Foul Ball, location: 2F 0-2: Strikes out swinging Brent Dutcher is caught stealing 2nd base 2-4 Batter strikes out.
|
| Top of the 4th over - 0 runs, 1 hit, 0 errors, 0 left on base; Jackson 3 - Birmingham 0 |
| BOTTOM OF THE 4TH |
|
Birmingham Barons batting - Pitching for Jackson Generals : RHP Michel Méry
|
|
Batting: LHB Matt Hyde
|
0-0: Foul Ball, location: 2F 0-1: Swinging Strike 0-2: Ground out 4-3 (Groundball, 4, EV 101.9 MPH)
|
|
Batting: RHB Josiah Wright
|
0-0: Called Strike 0-1: Ground out 6-3 (Groundball, 6D, EV 98.8 MPH)
|
|
Batting: RHB Ethan McCullough
|
0-0: Swinging Strike 0-1: Foul Ball, location: 2F 0-2: Foul Ball, location: 2F 0-2: Foul Ball, location: 2F 0-2: SOLO HOME RUN (Line Drive, 7D, EV 98.8 MPH), Distance : 384 ft
|
|
Batting: SHB Josh Conner
|
0-0: Ball 1-0: Ball 2-0: Ball 3-0: Called Strike 3-1: Base on Balls
|
|
Batting: RHB John Iddings
|
0-0: Ball 1-0: Fielders Choice at 2nd, 6-4 (Groundball, 6, EV 77.5 MPH)
|
| Bottom of the 4th over - 1 run, 1 hit, 0 errors, 1 left on base; Jackson 3 - Birmingham 1 |
| TOP OF THE 5TH |
|
Jackson Generals batting - Pitching for Birmingham Barons : RHP Mike Mik
|
|
Batting: RHB Egidius Kruger
|
0-0: Ball 1-0: Ball 2-0: SINGLE (Groundball, 23, EV 71.2 MPH) (infield hit)
|
|
Batting: RHB Tomokazu Sugimoto
|
0-0: Ball Egidius Kruger steals 2nd base 1-0: Ball 2-0: Swinging Strike 2-1: Fly out, F8 (Flyball, 8RD, EV 103.8 MPH)
|
|
Batting: RHB Ryan Criollo
|
0-0: Ball Wild Pitch! Egidius Kruger to third 1-0: Ball 2-0: Fly out, F4 (Popup, 34, EV 61.2 MPH)
|
|
Batting: RHB Julian Gregory
|
0-0: Ball 1-0: Swinging Strike 1-1: Foul Ball, location: 2F 1-2: Foul Ball, location: 2F 1-2: Ball 2-2: Strikes out looking
|
| Top of the 5th over - 0 runs, 1 hit, 0 errors, 1 left on base; Jackson 3 - Birmingham 1 |
| BOTTOM OF THE 5TH |
|
Birmingham Barons batting - Pitching for Jackson Generals : RHP Michel Méry
|
|
Batting: SHB Jay Gagnon
|
0-0: Ball 1-0: Called Strike 1-1: Ball 2-1: Ball 3-1: Foul Ball, location: 2F 3-2: Fly out, F7 (Flyball, 78S, EV 76.9 MPH)
|
|
Batting: LHB Larry Myers
|
0-0: Foul Ball, location: 2F 0-1: Called Strike 0-2: Ball 1-2: Ball 2-2: Ground out 3-1 (Groundball, 34S, EV 80.0 MPH)
|
|
Batting: SHB Ruben Velasco Jr.
|
0-0: Foul Ball, location: 2F 0-1: Foul Ball, location: 2F 0-2: Foul Ball, location: 2F 0-2: Foul Ball, location: 2F 0-2: Foul Ball, location: 2F 0-2: Ground out 4-3 (Groundball, 4, EV 105.6 MPH)
|
| Bottom of the 5th over - 0 runs, 0 hits, 0 errors, 0 left on base; Jackson 3 - Birmingham 1 |
| TOP OF THE 6TH |
|
Jackson Generals batting - Pitching for Birmingham Barons : RHP Mike Mik
|
|
Pitching: RHP Jon Manwaring
|
|
|
Batting: RHB Adan Lake
|
0-0: Called Strike 0-1: Ground out 3-1 (Groundball, 34, EV 97.5 MPH)
|
|
Batting: RHB Hideo Okimura
|
0-0: Reached on error, E4 (Groundball, 4D, EV 108.1 MPH)
|
|
Batting: SHB Brendan Bundy
|
0-0: Hit by Pitch Hideo Okimura to second
|
|
Batting: LHB Brent Dutcher
|
0-0: Ball 1-0: Called Strike 1-1: Ball 2-1: Ball 3-1: Foul Ball, location: 2F 3-2: Base on Balls Hideo Okimura to third Brendan Bundy to second
|
|
Batting: RHB Justin Colella
|
0-0: Ball 1-0: Grounds into double play, 5-4-3 (Groundball, 5, EV 88.1 MPH)
|
| Top of the 6th over - 0 runs, 0 hits, 1 error, 2 left on base; Jackson 3 - Birmingham 1 |
| BOTTOM OF THE 6TH |
|
Birmingham Barons batting - Pitching for Jackson Generals : RHP Michel Méry
|
|
Pitching: RHP Rickey DuMire
|
|
|
Batting: LHB Justin Stickney
|
0-0: Ball 1-0: Ground out 1-3 (Groundball, 13S, EV 61.9 MPH)
|
|
Batting: LHB Matt Hyde
|
0-0: Called Strike 0-1: Ball 1-1: Foul Ball, location: 2F 1-2: Strikes out swinging
|
|
Batting: RHB Josiah Wright
|
0-0: Fly out, F7 (Flyball, 78S, EV 78.8 MPH)
|
| Bottom of the 6th over - 0 runs, 0 hits, 0 errors, 0 left on base; Jackson 3 - Birmingham 1 |
| TOP OF THE 7TH |
|
Jackson Generals batting - Pitching for Birmingham Barons : RHP Jon Manwaring
|
|
Batting: RHB Egidius Kruger
|
0-0: Ball 1-0: Called Strike 1-1: SINGLE (Groundball, 4MS, EV 70.0 MPH) (infield hit)
|
|
Batting: RHB Tomokazu Sugimoto
|
0-0: Ball 1-0: Ball Egidius Kruger steals 2nd base 2-0: Bunted foul 2-1: Bunted foul 2-2: Foul Ball, location: 2F 2-2: Ground out 5-3 (Groundball, 56, EV 96.2 MPH)
|
|
Batting: RHB Ryan Criollo
|
0-0: Called Strike 0-1: Foul Ball, location: 2F 0-2: Ground out 4-3 (Groundball, 4, EV 107.5 MPH) Egidius Kruger to third
|
|
Batting: RHB Julian Gregory
|
0-0: Ball 1-0: Swinging Strike 1-1: Foul Ball, location: 2F 1-2: Ball 2-2: Strikes out looking
|
| Top of the 7th over - 0 runs, 1 hit, 0 errors, 1 left on base; Jackson 3 - Birmingham 1 |
| BOTTOM OF THE 7TH |
|
Birmingham Barons batting - Pitching for Jackson Generals : RHP Rickey DuMire
|
|
Batting: RHB Ethan McCullough
|
0-0: Ball 1-0: Ground out 4-3 (Groundball, 4D, EV 101.2 MPH)
|
|
Batting: SHB Josh Conner
|
0-0: Ball 1-0: Ball 2-0: Ball 3-0: Called Strike 3-1: Called Strike 3-2: Ground out U3 (Groundball, 3S, EV 68.1 MPH)
|
|
Pinch Hitting: LHB Ryan Dyal
|
0-0: Swinging Strike 0-1: Ball 1-1: Ball 2-1: Ball 3-1: Swinging Strike 3-2: Foul Ball, location: 2F 3-2: Base on Balls
|
|
Batting: SHB Jay Gagnon
|
0-0: Ball 1-0: Ball 2-0: Foul Ball, location: 2F 2-1: Fly out, F4 (Line Drive, 4D, EV 73.1 MPH)
|
| Bottom of the 7th over - 0 runs, 0 hits, 0 errors, 1 left on base; Jackson 3 - Birmingham 1 |
| TOP OF THE 8TH |
|
Jackson Generals batting - Pitching for Birmingham Barons : RHP Jon Manwaring
|
|
Pitching: LHP Silas Chartier
|
|
|
Now at SS: Ryan Dyal
|
|
|
Batting: RHB Adan Lake
|
0-0: Ball 1-0: Foul Ball, location: 2F 1-1: Ball 2-1: Called Strike 2-2: Ball 3-2: Strikes out swinging
|
|
Batting: RHB Hideo Okimura
|
0-0: Ball 1-0: Called Strike 1-1: Foul Ball, location: 2F 1-2: Strikes out swinging
|
|
Batting: SHB Brendan Bundy
|
0-0: Ground out 4-3 (Groundball, 4, EV 102.5 MPH)
|
| Top of the 8th over - 0 runs, 0 hits, 0 errors, 0 left on base; Jackson 3 - Birmingham 1 |
| BOTTOM OF THE 8TH |
|
Birmingham Barons batting - Pitching for Jackson Generals : RHP Rickey DuMire
|
|
Pitching: RHP Bill Porter
|
|
|
Batting: LHB Larry Myers
|
0-0: Called Strike 0-1: DOUBLE (Line Drive, 3D, EV 95.6 MPH)
|
|
Batting: SHB Ruben Velasco Jr.
|
0-0: Ball 1-0: Called Strike 1-1: Ball 2-1: Foul Ball, location: 2F 2-2: Ball 3-2: Base on Balls
|
|
Batting: LHB Justin Stickney
|
0-0: Ball 1-0: SINGLE (Groundball, 4M, EV 105.6 MPH) (infield hit) Larry Myers to third Ruben Velasco Jr. to second
|
|
Batting: LHB Matt Hyde
|
0-0: Ball 1-0: SINGLE (Groundball, 4D, EV 110.6 MPH) Larry Myers scores Ruben Velasco Jr. to third Justin Stickney to second
|
|
Pinch Hitting: LHB Dalton Silveira
|
0-0: Grounds into fielders choice 4-2 (Groundball, 4, EV 86.9 MPH) Justin Stickney to third Matt Hyde to second
|
|
Batting: RHB Ethan McCullough
|
0-0: Ball 1-0: SINGLE (Flyball, 6D, EV 85.6 MPH) Justin Stickney scores Matt Hyde to third Dalton Silveira to second
|
|
Batting: SHB Josh Conner
|
0-0: Foul Ball, location: 2F 0-1: Ball 1-1: Called Strike 1-2: Ball 2-2: Strikes out looking
|
|
Batting: LHB Ryan Dyal
|
0-0: Ball 1-0: Ball 2-0: Foul Ball, location: 2F 2-1: Ball 3-1: Base on Balls Matt Hyde scores Dalton Silveira to third Ethan McCullough to second
|
|
Batting: SHB Jay Gagnon
|
0-0: Called Strike 0-1: Foul Ball, location: 2F 0-2: Ground out 3-1 (Groundball, 34, EV 106.9 MPH)
|
| Bottom of the 8th over - 3 runs, 4 hits, 0 errors, 3 left on base; Jackson 3 - Birmingham 4 |
| TOP OF THE 9TH |
|
Jackson Generals batting - Pitching for Birmingham Barons : LHP Silas Chartier
|
|
Pitching: RHP Maury Compson
|
|
|
Now at 2B: Ryan Dyal
|
|
|
Now at SS: Dalton Silveira
|
|
|
Now in RF: Mike Savage
|
|
|
Batting: LHB Brent Dutcher
|
0-0: SINGLE (Groundball, 6MD, EV 95.0 MPH)
|
|
Batting: RHB Justin Colella
|
0-0: Ball 1-0: Ball 2-0: Ball 3-0: Base on Balls Brent Dutcher to second
|
|
Pinch Hitting: LHB Mario Cardona
|
0-0: Ball 1-0: Sac Bunt to 23 - play at first, batter OUT! 3-4 Brent Dutcher to third Justin Colella to second
|
|
Batting: RHB Tomokazu Sugimoto
|
0-0: Foul Ball, location: 2F 0-1: SINGLE (Groundball, 34D, EV 101.2 MPH) Brent Dutcher scores Justin Colella to third
|
|
Batting: RHB Ryan Criollo
|
0-0: Ball Tomokazu Sugimoto steals 2nd base (no throw) 1-0: Ball 2-0: Foul Ball, location: 2F 2-1: Called Strike 2-2: Ball 3-2: Fly out, F6 (Popup, 6M, EV 76.9 MPH)
|
|
Batting: RHB Julian Gregory
|
0-0: Ball 1-0: SINGLE (Groundball, 34D, EV 96.9 MPH) Justin Colella scores Tomokazu Sugimoto to third Runner from 3rd tries for Home, SAFE, throw by RF to home
|
|
Batting: RHB Adan Lake
|
0-0: Ball Julian Gregory steals 2nd base 1-0: Foul Ball, location: 2F 1-1: Swinging Strike 1-2: Ground out 6-3 (Groundball, 6, EV 83.1 MPH)
|
| Top of the 9th over - 3 runs, 3 hits, 0 errors, 1 left on base; Jackson 6 - Birmingham 4 |
| BOTTOM OF THE 9TH |
|
Birmingham Barons batting - Pitching for Jackson Generals : RHP Bill Porter
|
|
Pitching: LHP Ben Burton
|
|
|
Now at 1B: Mario Cardona
|
|
|
Now at SS: Ching-hsia Zhang
|
|
|
Batting: RHB Mike Savage
|
0-0: Ball 1-0: Ball 2-0: Ball 3-0: Base on Balls
|
|
Batting: SHB Ruben Velasco Jr.
|
0-0: Foul Ball, location: 2F 0-1: Ball 1-1: Grounds into double play, 6-4-3 (Groundball, 56, EV 90.0 MPH)
|
|
Batting: LHB Justin Stickney
|
0-0: Ball 1-0: Ball 2-0: Ball 3-0: Foul Ball, location: 2F 3-1: Reached on error, E5 (Groundball, 56, EV 90.0 MPH)
|
|
Batting: LHB Matt Hyde
|
0-0: Foul Ball, location: 2F 0-1: Swinging Strike 0-2: Ball 1-2: Strikes out swinging
|
| Bottom of the 9th over - 0 runs, 0 hits, 1 error, 1 left on base; Jackson 6 - Birmingham 4 |
|